 Dungeon Crawl Stone Soup version 0.24.0-123-gd5b16e6ec5 (webtiles) character file.

Game seed: 10846036414882623571, levelgen mode: deterministic

153 MisterOstroum the Caller (level 4, 0/37 HPs)
             Began as a Demigod Summoner on Jan 29, 2020.
             Slain by a gnoll
             ... wielding a +0 flail
              (11 damage)
             ... on level 3 of the Dungeon.
             The game lasted 00:05:25 (4107 turns).

MisterOstroum the Caller (Demigod Summoner)         Turns: 4107, Time: 00:05:26

Health: 0/37       AC:  2    Str: 11    XL:     4   Next: 88%
Magic:  9/9        EV: 12    Int: 21    God:
Gold:   118        SH:  0    Dex: 16    Spells: 3/6 levels left

rFire    . . .     SeeInvis .   l - +1 short sword (drain)
rCold    . . .     Gourm    .   (no shield)
rNeg     . . .     Faith    .   j - +0 robe
rPois    .         Spirit   .   (no helmet)
rElec    .         Reflect  .   (no cloak)
rCorr    .         Harm     .   (no gloves)
MR       .....                  (no boots)
Stlth    ++........             (no amulet)
HPRegen  0.12/turn              (no ring)
MPRegen  0.11/turn              (no ring)

@: very slightly contaminated
A: high mp 1
a: no special abilities


You were on level 3 of the Dungeon.
You were hungry.

You visited 1 branch of the dungeon, and saw 3 of its levels.

You collected 118 gold pieces.

Inventory:

Hand Weapons
 a - a +0 dagger
 b - a +0 club
 l - a +1 short sword of draining (weapon)
Missiles
 d - 11 bolts
 h - 43 arrows
 m - 29 stones (quivered)
 t - 3 javelins
Armour
 j - a +0 robe (worn)
 s - a +0 pair of gloves
Scrolls
 f - a scroll of magic mapping {unknown}
 g - a scroll of enchant weapon {unknown}
 n - a scroll of teleportation {unknown}
 o - 2 scrolls of identify {unknown}
 r - 2 scrolls of remove curse {unknown}
Potions
 i - a potion of flight {unknown}
 k - 2 potions of curing
 p - a potion of heal wounds {unknown}
Comestibles
 e - 6 rations
 q - 3 chunks of flesh


   Skills:
 + Level 2.6 Fighting
 - Level 2.0 Short Blades
 - Level 1.7 Dodging
 + Level 2.9 Stealth
 - Level 1.7 Spellcasting
 + Level 3.9 Summonings


You had 3 spell levels left.
You knew the following spells:

 Your Spells              Type           Power        Failure   Level  Hunger
a - Summon Small Mammal   Summ           ###.         3%          1    #......
b - Call Imp              Summ           ###.....     4%          2    ###....

Your spell library contained the following spells:

 Spells                   Type           Power        Failure   Level  Hunger
 Summon Butterflies       Summ           ###.....     3%          1    #......
 Call Canine Familiar     Summ           ###.....     9%          3    ###....
 Apportation              Tloc           #.....       16%         1    #......
 Summon Guardian Golem    Hex/Summ       ##......     21%         3    ###....
 Lesser Beckoning         Tloc           #.........   41%         3    ###....
 Tukima's Dance           Hex            #.......     41%         3    ###....
 Summon Ice Beast         Ice/Summ       ##......     54%         4    #####..
 Summon Lightning Spire   Summ/Air       ##......     54%         4    #####..
 Alistair's Intoxication  Tmut/Pois      #.......     99%         5    ######.
 Invisibility             Hex            #.......     100%        6    #######


Dungeon Overview and Level Annotations

Branches:
Dungeon (3/15)


Innate Abilities, Weirdness & Mutations

You have an increased reservoir of magic. (+10% MP)


Message History

The adder is almost dead.
You feel sick. The adder bites you.
* * * LOW HITPOINT WARNING * * *
You are lethally poisoned!
The adder poisons you!
Your crimson imp misses the adder.
It was a potion of invisibility.
You fade into invisibility!
The adder closely misses you.
Your crimson imp barely misses the adder.
The adder barely misses you.
You are very lightly contaminated with residual magic.
It was a potion of curing.
You feel better. The gnoll hits your crimson imp.
The adder completely misses your crimson imp.
Your crimson imp hits the adder.
The adder dies!
The gnoll closely misses your crimson imp. x2
Casting: Call Imp (safe; 4% risk of failure)
Confirm with . or Enter, or press ? or * to list all spells.
A beastly little devil appears in a puff of frigid air.
Your crimson imp blinks!
You swap places.
Your white imp completely misses the gnoll.
What are your orders? t - Shout!
Orders for allies: a - Attack new target. r - Retreat! s - Stop attacking. g - Guard the area. f - Follow me.
Anything else - Cancel.
Gang up on whom?
Press: ? - help, Dir - move target cursor, f - gnoll
Aim: a gnoll (translocational energy, hasn't noticed you) Attack!
The gnoll hits your white imp but does no damage.
Your white imp misses the gnoll.
The gnoll hits your white imp but does no damage.
Your white imp hits the gnoll.
Your white imp freezes the gnoll.
What are your orders? t - Shout!
Orders for allies: a - Attack new target. p - Attack previous target. r - Retreat! s - Stop attacking. g - Guard the area. f - Follow me.
Anything else - Cancel.
Gang up on whom?
Press: ? - help, Dir - move target cursor, f/p - gnoll
Aim: a gnoll (moderately wounded, hasn't noticed you) Attack!
Your white imp completely misses the gnoll.
Your crimson imp hits the gnoll but does no damage.
The gnoll closely misses your crimson imp.
The gnoll completely misses your crimson imp.
Your white imp hits the gnoll.
Your white imp freezes the gnoll.
Your crimson imp hits the gnoll.
The gnoll hits your white imp!
The gnoll hits your crimson imp with a +0 flail.
Your white imp gestures at the gnoll.
The puff of frost hits the gnoll!
The gnoll dies!
What are your orders? t - Shout!
Orders for allies: a - Attack new target. r - Retreat! s - Stop attacking. g - Guard the area. f - Follow me.
Anything else - Cancel.
Gang up on whom?
Press: ? - help, Dir - move target cursor, f - gnoll
Aim: a gnoll, wielding a +0 flail (hasn't noticed you) Attack!
You flicker for a moment.
Your crimson imp blinks!
You swap places.
You flicker back into view.
Your crimson imp blinks!
You see here a bat corpse.
You butcher the bat corpse.
Things that are here:
a chunk of flesh; a bat skeleton You are feeling hungry.
The dart slug bites your crimson imp but does no damage.
Things that are here:
a quokka corpse; a giant cockroach corpse You swap places.
You see here a +0 spear.
You are too injured to fight recklessly!
You are too injured to fight recklessly!
You hit the dart slug. You drain the dart slug.
The dart slug is almost dead.
The dart slug bites you.
You hit the dart slug.
You kill the dart slug!
The gnoll hits you with a +0 flail.
* * * LOW HITPOINT WARNING * * *
You closely miss the gnoll. The gnoll barely misses you.
Your crimson imp closely misses the gnoll.
You hit the gnoll.
The gnoll is lightly wounded.
Your crimson imp hits the gnoll.
The gnoll closely misses you.
You closely miss the gnoll.
The gnoll is moderately wounded.
Your crimson imp hits the gnoll but does no damage.
The gnoll hits you with a +0 flail!
You die...

#.....##
##.##..## #.
#.###..# #.
###### #.# ##.#
#.##......# #.#
#.### .#........
..# #...##
.$........ .##
###..###
#......... #
##..%###.........
###..55@........
#####g........
#.<.......
#.........
#.........
#.>.......
#....(....
#......?..
##........


You could see a gnoll, a friendly crimson imp and a friendly white imp.

Vanquished Creatures
  2 gnolls
  4 adders (D:2)
  4 worms (D:2)
  3 dart slugs
  A leopard gecko (D:3)
  An orc (D:3)
  2 giant cockroaches
  5 goblins
  6 hobgoblins
  2 jackals (D:1)
  2 quokkas
  5 bats
  8 frilled lizards
  6 kobolds
  15 rats
66 creatures vanquished.

Vanquished Creatures (collateral kills)
  A gnoll (D:3)
  An adder (D:3)
  A bat (D:3)
  A goblin (D:1)
  A hobgoblin (D:1)
  A kobold (D:1)
  2 rats (D:1)
8 creatures vanquished.

Grand Total: 74 creatures vanquished

Notes
Turn   | Place    | Note
-------+----------+-------------------------------------------
     0 | D:1      | MisterOstroum the Demigod Summoner began the quest for the
                  | Orb.
     0 | D:1      | Reached XP level 1. HP: 14/14 MP: 5/5
   511 | D:1      | Reached skill level 1 in Fighting
   671 | D:1      | Reached XP level 2. HP: 11/23 MP: 4/7
  1062 | D:1      | Learned a level 2 spell: Call Imp
  1825 | D:1      | Reached XP level 3. HP: 16/29 MP: 8/8
  2284 | D:2      | Reached skill level 1 in Short Blades
  2631 | D:2      | Reached XP level 4. HP: 21/36 MP: 9/9
  4107 | D:3      | Slain by a gnoll

Levels and vault maps discovered:
D:1:      minmay_arrival_up_and_down, layout_basic, minmay_rat_gold_closets
D:2:      layout_basic, first_ration
D:3:      layout_rooms

Skill      XL: |  1  2  3  4 |
---------------+-------------+-----
Stealth        | 2 |  2.9
Fighting       | 1 2 |  2.6
Short Blades   | 1 2 |  2.0
Dodging        | |  1.7
Spellcasting   | |  1.7
Summonings     | |  3.9

Action                   |  1- 3 |  4- 6 || total
-------------------------+-------+-------++-------
Melee: Club              |    23 |       ||    23
       Unarmed           |     9 |       ||     9
       Short sword       |    86 |    67 ||   153
       Dagger            |    17 |       ||    17
 Cast: Summon Small Mamm |    19 |       ||    19
       Call Imp          |       |     2 ||     2
  Use: Potion            |       |     2 ||     2
 Stab: Sleeping          |    11 |     4 ||    15
       Distracted        |     1 |       ||     1
  Eat: Chunk             |     6 |     4 ||    10
Armor: Robe              |    22 |     7 ||    29
Dodge: Dodged            |    97 |    30 ||   127
